 Seeded DCSS version 0.27.1-37-g7b29ead8ac (console) character file.

Game seed: 2579396766731946961 (custom seed)

3384 grimtooth the Cleaver (level 10, -13/92 HPs)
             Began as a Naga Warper on May 27, 2023.
             Was an Elder of Zin.
             Mangled by a chaos spawn (16 damage)
             ... on level 8 of the Dungeon.
             The game lasted 00:43:50 (8971 turns).

grimtooth the Cleaver (Naga Warper)                 Turns: 8971, Time: 00:43:50

Health: -13/92     AC: 11    Str: 14    XL:     10   Next: 4%
Magic:  14/14      EV:  9    Int: 16    God:    Zin [****..]
Gold:   398        SH:  0    Dex: 11    Spells: 8/13 levels left

rFire    . . .     SeeInvis +   a - +0 hand axe
rCold    . . .     Faith    .   (no shield)
rNeg     . . .     Spirit   .   b - +0 leather armour
rPois    +         Reflect  .   z - +2 hat
rElec    .         Harm     .   g - +0 cloak
rCorr    .         Rampage  .   (no gloves)
Will     +....                  (no barding)
Stlth    +++.......             j - amulet of regeneration
HPRegen  1.25/turn              h - +4 ring of protection
MPRegen  0.14/turn              Q - +4 ring of slaying

@: on recite cooldown, hasted, quick
A: AC +3, large, see invisible, deformed body, poison resistance, slowness 2,
spit poison 1, naga tail 1
a: Spit Poison, Renounce Religion, Recite, Vitalisation, Imprison, Donate Gold


You were on level 8 of the Dungeon.
You worshipped Zin.
Zin was greatly pleased with you.
You visited 1 branch of the dungeon, and saw 8 of its levels.
You also visited: Ossuary.

You collected 442 gold pieces.
You donated 44 gold pieces to Zin.

Inventory:

Hand Weapons
 a - a +0 hand axe (weapon)
 v - a +4 great sword
 w - a +2 dagger of protection
 D - a +2 whip of freezing
Missiles
 d - 10 boomerangs of dispersal
 i - 51 stones (quivered)
 m - 84 sling bullets
 A - 31 poisoned darts
 C - 2 curare-tipped darts
 E - 2 boomerangs
 F - a throwing net {=f}
 O - 5 javelins
Armour
 b - a +0 leather armour (worn)
 g - a +0 cloak (worn)
 r - the +0 ring mail "Vajep" {rPois rF++ SInv}
   (You found it on level 6 of the Dungeon)

   rF:        It greatly protects you from fire.
   rPois:     It protects you from poison.
   SInv:      It lets you see invisible.
 s - a +0 helmet
 z - a +2 hat (worn)
Magical Staves
 f - a staff of earth
 B - a staff of fire
Jewellery
 h - a +4 ring of protection (left hand)
 j - an amulet of regeneration (around neck)
 y - a ring of positive energy
 J - a ring of positive energy
 K - an amulet of reflection
 Q - a +4 ring of slaying (right hand)
 S - a +6 ring of intelligence
 V - an amulet of guardian spirit
Wands
 T - a wand of iceblast (7)
Scrolls
 c - 3 scrolls of blinking
 k - 2 scrolls of enchant armour
 o - 4 scrolls of teleportation {unknown}
 p - a scroll of holy word {unknown}
 q - a scroll of brand weapon {unknown}
 t - 2 scrolls of immolation {unknown}
 G - a scroll of enchant weapon {unknown}
 H - a scroll of torment {unknown}
 N - a scroll of summoning {unknown}
 R - 2 scrolls of noise {unknown}
 U - 2 scrolls of fear {unknown}
Potions
 e - a potion of berserk rage {unknown}
 l - 3 potions of might
 n - 2 potions of cancellation {unknown}
 u - 2 potions of brilliance
 x - a potion of flight
 I - 3 potions of curing {unknown}
 L - a potion of invisibility {unknown}
 M - a potion of haste {unknown}
 P - a potion of mutation {unknown}


   Skills:
 * Level 6.3 Fighting
 - Level 9.0 Axes
 + Level 1.1(5.7) Maces & Flails
 - Level 0.8 Throwing
 - Level 0.7 Armour
 - Level 1.5 Dodging
 - Level 6.0 Stealth
 - Level 2.0 Spellcasting
 - Level 6.0 Translocations
 * Level 6.4 Invocations


You had 8 spell levels left.
You knew the following spells:

 Your Spells              Type           Power      Damage    Failure   Level
b - Lesser Beckoning      Tloc           10%        N/A       7%          3
k - Blink                 Tloc           N/A        N/A       3%          2

Your spell library contained the following spells:

 Spells                   Type           Power      Damage    Failure   Level
 Gell's Gravitas          Tloc           10%        N/A       7%          3
 Teleport Other           Tloc           20%        N/A       7%          3
 Freeze                   Ice            4%         1d3       26%         1
 Summon Small Mammal      Summ           4%         N/A       26%         1
 Slow                     Hex            1%         N/A       36%         2
 Manifold Assault         Tloc           20%        N/A       52%         5
 Call Canine Familiar     Summ           1%         N/A       61%         3
 Confusing Touch          Hex            1%         N/A       61%         3
 Frozen Ramparts          Ice            2%         1d2       61%         3
 Summon Guardian Golem    Hex/Summ       1%         N/A       61%         3
 Vampiric Draining        Necr           0%         2d6       61%         3
 Hailstorm                Conj/Ice       1%         3d3       95%         4


Dungeon Overview and Level Annotations

Branches:
Dungeon (8/15)             Temple (0/1) D:6         Ossuary (visited)
   Lair: D:8-11

Altars:
Ashenzari
Dithmenos
Elyvilon
Hepliaklqana
Okawaru
Qazlal
Xom
Yredelemnul
Zin

Shops:
D:1 [   D:3 :

Annotations:
D:7 exclusion: steam dragon
D:8 exclusion: basilisk


Innate Abilities, Weirdness & Mutations

Your serpentine skin is tough. (AC +3)
You have supernaturally acute eyesight. (SInv)
Armour fits poorly on your strangely shaped body.
Your system is resistant to poisons. (rPois)
You cover ground very slowly.
You can spit poison.
You have a snake-like lower body.


Message History

You hit the chaos spawn.
The chaos spawn is almost dead.
The chaos spawn closely misses you.
You barely miss the chaos spawn.
The chaos spawn is almost dead.
You are ready to recite again.
The chaos spawn barely misses you.
You clear your throat and prepare to recite. "When the law of the land faltered, Zin rose..."
The chaos spawn hits you but does no damage. "...from the silver throne, and the agents of filth were..." "...purified.
And it was thus that the law was made good."
You finish reciting Abominations 25:56.
The chaos spawn barely misses you.
Press: ? - help, v - describe, . - travel
Here: a chaos spawn (almost dead)
The floor.
You closely miss the chaos spawn.
The chaos spawn is almost dead.
The chaos spawn hits you!
* * * LOW HITPOINT WARNING * * *
You barely miss the chaos spawn.
The chaos spawn is almost dead.
The chaos spawn hits you.
* * * LOW HITPOINT WARNING * * *
You feel yourself speed up.
You miss the chaos spawn.
The chaos spawn is almost dead.
You hit the chaos spawn.
The chaos spawn is almost dead.
The chaos spawn gores you!
* * * LOW HITPOINT WARNING * * *
You are engulfed in flames!
* * * LOW HITPOINT WARNING * * *
You hit the chaos spawn but do no damage.
The chaos spawn is almost dead.
The chaos spawn hits you!
* * * LOW HITPOINT WARNING * * *
The chaos spawn freezes you!
You die...

#.# #..#.#..##.####... #.#
#..#)#...........# #.#
#.....#[######...#
#.#####..###..######...#
#........# #...........#
#######..###.#######....
#......# ###.# ##..#.#.###
#.# #...#.#...#######.#
..######.#.#...........#.#
.......<.@.#.♣#.#.<.#⌠.#.#
.#######)4....#.⌠....#...#
..............≈....♣....#
#######[....#...).#...#.#
#.........#.♣.'..≈.#.#
#..#.......⌠8_.8'..#.#
#..#.##..⌠'8.≈##⌠'.#.# #.
#[###.⌠#.≈♣⌠#...#.# #. #.#
#.≈...........# # #.#
#.............# #.#
######.......##


You could see a chaos spawn.

Vanquished Creatures
  4 centaur zombies
  A yak (D:6)
  2 chaos spawn
  2 steam dragons
  A sky beast (D:5)
  An ogre (D:4)
  2 necrophages (D:6)
  3 centaurs
  3 kobold brigands
  9 scorpions (Ossuary)
  3 bullfrogs
  A wight (D:6)
  A bullfrog zombie (D:6)
  4 hounds
  4 human zombies (Ossuary)
  An orc priest (D:4)
  3 orc wizards
  2 iguanas
  3 scorpion zombies (Ossuary)
  3 mummies (Ossuary)
  Robin (D:3)
  A howler monkey zombie (D:3)
  6 adders
  An ufetubus (D:4)
  A worm (D:2)
  3 dart slugs
  13 orcs
  5 ball pythons
  7 endoplasms
  4 giant cockroaches
  4 hobgoblins
  7 jackals
  2 quokkas (D:5)
  2 bats
  5 frilled lizards
  2 gnoll zombies (Ossuary)
  17 goblins
  3 goblin zombies (Ossuary)
  3 hobgoblin zombies (Ossuary)
  5 kobolds
  3 kobold zombies (Ossuary)
  3 orc zombies (Ossuary)
  5 rats
156 creatures vanquished.

Vanquished Creatures (others)
  A howler monkey zombie (D:7)
1 creature vanquished.

Grand Total: 157 creatures vanquished

Notes
Turn   | Place    | Note
-------+----------+-------------------------------------------
     0 | D:1      | grimtooth the Naga Warper began the quest for the Orb.
     0 | D:1      | Reached XP level 1. HP: 19/19 MP: 3/3
   287 | D:1      | Reached XP level 2. HP: 25/26 MP: 5/5
   326 | D:1      | Reached skill level 3 in Axes
   392 | D:1      | Found a faded altar of an unknown god.
   700 | D:1      | You fall into a shaft and drop 1 floor!
   834 | D:2      | Reached XP level 3. HP: 32/32 MP: 6/6
  1172 | D:2      | Reached skill level 4 in Axes
  1218 | D:2      | Reached XP level 4. HP: 39/39 MP: 7/7
  1801 | D:3      | Found Gooxo Kayl's Book Shoppe.
  2322 | D:3      | Found a white marble altar of Elyvilon.
  2534 | D:3      | Reached skill level 5 in Axes
  2555 | D:3      | Reached XP level 5. HP: 45/45 MP: 8/8
  2824 | D:3      | Noticed Robin
  2835 | D:3      | Killed Robin
  3072 | D:3      | Learned a level 2 spell: Blink
  3144 | D:4      | Found a hazy altar of Hepliaklqana.
  3156 | D:4      | Found a shadowy altar of Dithmenos.
  3156 | D:4      | Noticed a shadow
  3217 | D:4      | Reached skill level 6 in Axes
  3251 | D:4      | Noticed an ogre
  3263 | D:4      | Killed an ogre
  3264 | D:4      | Reached XP level 6. HP: 55/55 MP: 9/9
  3337 | D:4      | Found a glowing silver altar of Zin.
  3877 | D:4      | - think i should zin it... seeded anyway
  3921 | D:4      | Became a worshipper of Zin the Law-Giver
  3921 | D:4      | Reached * piety under Zin
  3938 | D:5      | Entered Level 5 of the Dungeon
  3962 | D:5      | Learned a level 3 spell: Lesser Beckoning
  3971 | D:5      | Reached ** piety under Zin
  4397 | D:5      | Found a basalt altar of Yredelemnul.
  4430 | D:5      | Reached skill level 5 in Translocations
  4430 | D:5      | Reached XP level 7. HP: 42/62 MP: 10/10
  4523 | D:5      | Reached XP level 8. HP: 70/70 MP: 11/11
  4541 | D:5      | Found an iron altar of Okawaru.
  4541 | D:5      | Found a stormy altar of Qazlal.
  4883 | D:5      | Found a broken altar of Ashenzari.
  5288 | D:6      | Identified the +0 ring mail "Vajep" {rPois rF++ SInv}
  5473 | D:6      | Found a staircase to the Ecumenical Temple.
  5742 | D:6      | Noticed a yak
  5805 | D:6      | Reached skill level 5 in Fighting
  5963 | D:6      | Killed a yak
  6008 | D:6      | Reached skill level 5 in Stealth
  6008 | D:6      | Reached skill level 5 in Invocations
  6008 | D:6      | Reached XP level 9. HP: 81/82 MP: 12/12
  6110 | D:6      | - how is this happening
  6112 | D:6      | HP: 1/82 [steam dragon/ball of steam (9)]
  6115 | D:6      | - unbelievable
  6117 | D:6      | - yay
  6382 | D:6      | Reached *** piety under Zin
  6782 | D:7      | Found a sand-covered staircase.
  6801 | Ossuary  | Entered an ossuary
  7321 | Ossuary  | Reached skill level 7 in Axes
  7781 | Ossuary  | Reached skill level 8 in Axes
  8428 | D:7      | Reached skill level 9 in Axes
  8606 | D:8      | Reached XP level 10. HP: 85/91 MP: 14/14
  8634 | D:8      | Reached **** piety under Zin
  8792 | D:8      | Reached skill level 1 in Maces & Flails
  8850 | D:8      | Found a shimmering altar of Xom.
  8850 | D:8      | Found the +7 mace of Variability {chain chaos}
  8971 | D:8      | HP: 3/92 [chaos spawn (7)]
  8971 | D:8      | Mangled by a chaos spawn

Illustrated notes ....##.................# #...##. ....##.###.###.........# #...##. ....##.###.# #.....###.# #...### ...........# ###'### #.# #...# ###.#..###### #.# #.# ##### #.........# #.# #.# #.#..####.####.#####.# #<#..................# #.#.##.........####### #.#.##.##.####.# #.#.##.##.# #@# #.#.......# #.# #.####.#### #.# #......# #.# ######## #.# #.# #.# ### Turn 3877 on D:4: - think i should zin it... seeded anyway #.# ....# ##....#.# #.# #.#.# ##....... #.# ###+######..####.. #.# #.....#....######. #.## ###.⌠.⌠.#........##. #..# #.'..>..'........##. ##.# #.#.⌠.⌠.#........#.. #.## #.#.....#..#....)..# #..###.###'######........ ##.....##...# ########. ##.####@D..# ##... #.# #..#### ##.... #<....## #..... #.#### #..... ### #..... ##.... ##... #### Turn 6110 on D:6: - how is this happening #.# #.#.# ##...... #.# ###+######..####. #.# #.....#....###### #.## ###.⌠.⌠.#........## #..# #.'..>..'........## ##.# #.#.⌠.⌠.#........#. #.## #.#.....#..#....).. #..###.###'######....... ##.....##...# ######## ##.####§$..# ##.. #.# #@D#### ##... #<....## #.... #.##### #.... ### #.... ##... ##.. ### Turn 6115 on D:6: - unbelievable

#.### #...## #.....#......#
#.## #...####.....#.#.#### #..#
#................# ##.#
#.......#......#.# #.#
#...###..##...##.# #.# ....#
##....#.##.# #.# #.#.#
##.......#.# #.#
###+######..####..#.#### #.#
#.....#....######.#.##.. #.##
###.⌠.⌠.#........##......# #..#
#.'..>..'@.......##.....## ##.#
#.#.⌠.⌠.#........#.....## #.##
#.#.....#..#....)..#.###
#..###.###'######.........#####
##.....##...# ########.......
##.####.$..# ##....#...# #.#
#(.#### ##.......... #<....##
#........... #.#####
#........... ### #...........
##..........


Turn 6117 on D:6: - yay

Levels and vault maps discovered:
D:1:      dpeg_arrival_line_fractal, layout_basic, serial_shops,
          nicolae_shop_trees, hellmonk_ecumenical_altar_inner_sanctum
D:2:      layout_loops_cross, eino_tiny_chamber, roderic_roman_lattice,
          amethyst_killhole
D:3:      kennysheep_goblin_castle, layout_rooms, lemuel_coloured_pillars_altar,
          serial_shops, shop_coins, minivault_5
D:4:      layout_basic, riverfiend_overflow_shadow_ancestor, zin_academy,
          minmay_crystal_room
D:5:      layout_gridville, general_overflow_altar,
          mainiacjoe_overflow_small_starburst,
          chequers_temple_overflow_statue_of_worship
D:6:      layout_rooms, minmay_temple_entry_hall, hex_intersection,
          grunt_tough_drop
D:7:      layout_cave_pods, nicolae_ossuary_entry_monument,
          kennysheep_another_room, supply_closet_lemuel
D:8:      layout_loops_ring, david_lair_generic, minmay_misc_feat_pillars,
          minmay_guarded_unrand_variability

Skill      XL: |  1  2  3  4  5  6  7  8  9 10 |
---------------+-------------------------------+-----
Axes           | 3 4 5 6 9 |  9.0
Translocations | 5 6 |  6.0
Fighting       | 3 5 6 |  6.3
Stealth        | 2 5 6 |  6.0
Invocations    | 2 5 6 |  6.4
Maces & Flails | 1 |  1.1
Throwing       | |  0.8
Armour         | |  0.7
Dodging        | |  1.5
Spellcasting   | |  2.0

Action                   |  1- 3 |  4- 6 |  7- 9 | 10-12 || total
-------------------------+-------+-------+-------+-------++-------
Melee: Hand axe          |   100 |   250 |   619 |    41 ||  1010
Throw: Stone             |    10 |    41 |    10 |     3 ||    64
       Dart              |       |       |    13 |       ||    13
 Cast: Blink             |       |       |     1 |       ||     1
Invok: Recite            |       |       |     3 |     2 ||     5
 Abil: Spit Poison       |    12 |    13 |    22 |     1 ||    48
Evoke: Wand              |       |     3 |     3 |       ||     6
  Use: Scroll            |       |       |     8 |       ||     8
       Potion            |       |       |     1 |       ||     1
 Stab: Sleeping          |       |       |     6 |       ||     6
       Confused          |       |       |     1 |       ||     1
Armor: Leather armour    |    47 |   145 |   347 |    21 ||   560
Dodge: Dodged            |    58 |   146 |   289 |    15 ||   508
